 Dungeon Crawl Stone Soup version 0.24-a0-169-g71aafec (webtiles) character file.

Game seed: 3236200245933294750

2585 shukka the Cleaver (level 9, -11/71 HPs)
             Began as a Hill Orc Monk on Mar 8, 2019.
             Was an Elder of Qazlal.
             Mangled by an orc warrior
             ... wielding a +0 scimitar
              (18 damage)
             ... in a bailey.
             The game lasted 00:37:25 (10497 turns).

shukka the Cleaver (Hill Orc Monk)                 Turns: 10497, Time: 00:37:26

Health: -11/71     AC: 11    Str: 16    XL:     9   Next: 58%
Magic:  15/15      EV:  7    Int: 10    God:    Qazlal [****..]
Gold:   364        SH:  5    Dex: 14    Spells: 8/8 levels left

rFire    . . .     SeeInvis .   A - +2 hand axe (flame)
rCold    . . .     Gourm    .   (no shield)
rNeg     . . .     Faith    .   o - +0 chain mail
rPois    .         Spirit   .   y - +0 helmet
rElec    .         Reflect  .   v - +0 cloak
rCorr    .         Harm     .   r - +0 pair of gloves
MR       .....                  (no boots)
Stlth    ..........             (no amulet)
HPRegen  0.21/turn              (no ring)
MPRegen  0.14/turn              (no ring)

@: repel missiles
A: no striking features
a: Upheaval, Elemental Force, Renounce Religion


You were in a bailey.
You worshipped Qazlal.
Qazlal was greatly pleased with you.
You were hungry.

You visited 1 branch of the dungeon, and saw 7 of its levels.
You also visited: Ossuary and Bailey.

You collected 364 gold pieces.

Inventory:

Hand Weapons
 a - a +0 hand axe
 z - a +2 hand axe of freezing
 A - a +2 hand axe of flaming (weapon)
 C - a +2 halberd of electrocution
Missiles
 e - 68 tomahawks of returning (quivered)
 u - 2 curare-tipped needles
Armour
 o - a +0 chain mail (worn)
 r - a +0 pair of gloves (worn)
 v - a +0 cloak (worn)
 y - a +0 helmet (worn)
Wands
 b - a wand of flame (17)
Scrolls
 d - a scroll of fear {unknown}
 f - 2 scrolls of remove curse {unknown}
 g - 3 scrolls of enchant armour {unknown}
 h - a scroll of enchant weapon {unknown}
 i - a scroll of immolation {unknown}
 j - 6 scrolls of teleportation {unknown}
 k - a scroll of fog {unknown}
 m - 6 scrolls of random uselessness {unknown}
 F - a scroll of acquirement {unknown}
Potions
 l - 8 potions of curing
 n - a potion of lignification {unknown}
 p - a potion of ambrosia
 q - 3 potions of might
 s - 5 potions of mutation
 t - 2 potions of invisibility
 w - a potion of flight
 x - 2 potions of berserk rage
 B - 2 potions of degeneration {unknown}
 D - 5 potions of magic {unknown}
 E - 3 potions of heal wounds
Comestibles
 c - 13 rations


   Skills:
 - Level 3.8 Fighting
 * Level 14.0 Axes
 - Level 2.5 Dodging
 - Level 1.8 Stealth
 + Level 8.1 Invocations


You had 8 spell levels left.
You didn't know any spells.
Your spell library was empty.

Dungeon Overview and Level Annotations

Branches:
Dungeon (7/15)             Temple (0/1) D:5

Altars:
Makhleb
Qazlal


Message History

There is an open door here.
There is an open door here.
There is an open door here.
You hear a shout!
There is an open door here.
An orc warrior comes into view. It is wielding a +0 scimitar.
The orc warrior shouts!
The orc warrior hits you with a +0 scimitar!
There is an open door, spattered with blood here.
You closely miss the orc warrior. You hit the orc warrior.
You burn the orc warrior.
The orc warrior is lightly wounded.
The orc warrior hits you with a +0 scimitar!
* * * LOW HITPOINT WARNING * * *
You completely miss the orc warrior.
The orc warrior is lightly wounded.
You hit the orc warrior but do no damage.
The orc warrior is lightly wounded.
The orc warrior hits you with a +0 scimitar!!
You die...

#)###.# #.#
##'##'##'#
##)†...# .
###)....### ..
#.'..⌠..'.#
⌠..
###.....###
... ##.....##
..
##'##'##'###'#
#.###.###.@o#
### ### #####


You could see an orc warrior.

Vanquished Creatures
  Pikel (D:5)
  A spriggan (D:7)
  A black bear (D:6)
  A slave (D:6)
  An ice beast (D:6)
  An ogre (D:5)
  A centaur (D:5)
  3 elf zombies (Ossuary)
  Blork the orc (D:4)
  2 bullfrogs
  2 crimson imps (D:6)
  A centaur zombie (Ossuary)
  3 hounds
  A jelly (D:5)
  3 orc priests
  Crazy Yiuf (D:4)
  A human zombie (Ossuary)
  A centaur skeleton (D:4)
  Jessica (D:3)
  Natasha (thrice) (D:1)
  2 iguanas (D:4)
  6 orc wizards
  2 worker ants
  2 big kobold zombies (Ossuary)
  A hound skeleton (D:5)
  2 mummies (Ossuary)
  10 adders
  13 gnolls (Bailey)
  An ooze (D:1)
  8 worms
  5 dart slugs
  4 leopard geckos
  13 orcs
  12 bats
  3 giant cockroaches
  4 goblins
  19 hobgoblins
  9 jackals
  4 quokkas
  A ball python (D:4)
  5 frilled lizards
  A goblin zombie (Ossuary)
  15 hobgoblin zombies (Ossuary)
  A jackal zombie (Ossuary)
  21 kobolds
  8 kobold zombies (Ossuary)
  2 leopard gecko skeletons
  4 orc zombies (Ossuary)
  A quokka zombie (D:6)
  5 rats
214 creatures vanquished.

Vanquished Creatures (others)
  An orc (D:6)
1 creature vanquished.

Grand Total: 215 creatures vanquished

Notes
Turn   | Place    | Note
-------+----------+-------------------------------------------
     0 | D:1      | shukka the Hill Orc Monk began the quest for the Orb.
     0 | D:1      | Reached XP level 1. HP: 19/19 MP: 1/1
   174 | D:1      | Reached XP level 2. HP: 23/27 MP: 2/2
   530 | D:1      | Reached skill level 5 in Axes
   530 | D:1      | Reached XP level 3. HP: 30/33 MP: 3/3
  1312 | D:2      | Noticed Natasha
  1699 | D:1      | Killed Natasha
  1699 | D:1      | Reached skill level 6 in Axes
  1699 | D:1      | Reached XP level 4. HP: 21/40 MP: 4/4
  2123 | D:1      | Noticed Natasha
  2141 | D:1      | Killed Natasha
  2624 | D:1      | Noticed Natasha
  2632 | D:1      | Killed Natasha
  2632 | D:1      | Reached skill level 7 in Axes
  2632 | D:1      | Reached XP level 5. HP: 29/46 MP: 5/5
  3411 | D:3      | Reached skill level 8 in Axes
  3738 | D:3      | Noticed Jessica
  3834 | D:2      | Reached XP level 6. HP: 40/52 MP: 6/6
  3921 | D:3      | Killed Jessica
  4120 | D:3      | Reached skill level 9 in Axes
  4984 | D:4      | Found a stormy altar of Qazlal.
  5032 | D:4      | Became a worshipper of Qazlal Stormbringer
  5032 | D:4      | Reached * piety under Qazlal
  5032 | D:4      | Reached ** piety under Qazlal
  5142 | D:4      | Noticed Blork the orc
  5162 | D:4      | Found a sand-covered staircase.
  5169 | Ossuary  | Entered an ossuary
  5323 | Ossuary  | Reached skill level 1 in Invocations
  5325 | Ossuary  | Reached XP level 7. HP: 28/58 MP: 6/8
  5446 | Ossuary  | Reached skill level 10 in Axes
  5468 | Ossuary  | HP: 1/58 [elf zombie (4)]
  6403 | D:4      | Killed Blork the orc
  6714 | D:4      | Reached XP level 8. HP: 54/66 MP: 9/11
  6779 | D:4      | Reached skill level 11 in Axes
  7121 | D:4      | Found a runed translucent door.
  7122 | D:4      | Noticed Crazy Yiuf
  7142 | D:4      | Killed Crazy Yiuf
  7306 | D:5      | Entered Level 5 of the Dungeon
  7395 | D:5      | Found a staircase to the Ecumenical Temple.
  7414 | D:5      | Reached *** piety under Qazlal
  7470 | D:5      | Reached skill level 5 in Invocations
  7513 | D:5      | Found a burning altar of Makhleb.
  8841 | D:6      | Reached skill level 12 in Axes
  9173 | D:6      | Noticed Pikel
  9228 | D:5      | Killed Pikel
  9228 | D:5      | Reached skill level 13 in Axes
  9228 | D:5      | Reached XP level 9. HP: 51/71 MP: 12/14
 10026 | D:7      | Found a flagged portal.
 10054 | Bailey   | Entered a bailey
 10197 | Bailey   | Reached **** piety under Qazlal
 10197 | Bailey   | Reached skill level 14 in Axes
 10497 | Bailey   | Mangled by an orc warrior

Levels and vault maps discovered:
D:1:      evilmike_arrival_hilbert_curve, layout_basic, minmay_unequal
D:2:      layout_rooms, minmay_tromino_v2, uniq_natasha
D:3:      layout_loops_corners, uniq_jessica
D:4:      layout_basic, first_ration, chequers_ossuary_entry_cave,
          grunt_qazlal_sundering, uniq_blork_the_orc, uniq_crazy_yiuf_cottage
D:5:      layout_basic, minmay_temple_entry_drinking_statues,
          makhleb_heckhound_becter
D:6:      layout_rooms, uniq_pikel
D:7:      layout_basic, enter_bailey_2, the_bakery, st_stairs_13
Ossuary:  ossuary_tomb_1
Bailey:   bailey_axe_2, bailey

Skill      XL: |  1  2  3  4  5  6  7  8  9 |
---------------+----------------------------+-----
Axes           | 5 6 7 8 9 10 13 14 | 14.0
Invocations    | 1 4 7 8 |  8.1
Fighting       | |  3.8
Dodging        | |  2.5
Stealth        | |  1.8

Action                   |  1- 3 |  4- 6 |  7- 9 || total
-------------------------+-------+-------+-------++-------
Melee: Hand axe          |   140 |   313 |   524 ||   977
Invok: Upheaval          |       |       |     1 ||     1
  Use: Potion            |     4 |     2 |     5 ||    11
       Scroll            |       |       |     6 ||     6
 Stab: Sleeping          |     2 |       |       ||     2
       Invisible         |       |       |     3 ||     3
  Eat: Chunk             |     1 |     9 |    10 ||    20
       Ration            |     1 |       |     2 ||     3
Armor: Robe              |    13 |       |       ||    13
       Chain mail        |    27 |   139 |   186 ||   352
Dodge: Dodged            |    82 |   105 |   122 ||   309
       Deflected         |       |       |     5 ||     5
Block: Other             |       |     6 |    67 ||    73

Table legend:
 A = Non-vault XP
 B = Vault XP
 C = Vault XP percentage of total XP
 D = Non-vault monster count
 E = Vault monster count
 F = Vault count percentage of total count
                 A         B        C        D         E       F
            +---------+---------+-------+---------+---------+-------
      Total |    1840 |    1853 |  50.2 |     131 |      82 |  38.5
            +---------+---------+-------+---------+---------+-------
        D:1 |     124 |      39 |  23.9 |      26 |       3 |  10.3
        D:2 |     132 |      14 |   9.6 |      27 |       2 |   6.9
        D:3 |     174 |      37 |  17.5 |      29 |       1 |   3.3
        D:4 |     195 |     131 |  40.2 |       9 |       2 |  18.2
        D:5 |     514 |     708 |  57.9 |      21 |       2 |   8.7
        D:6 |     618 |       0 |   0.0 |      17 |       0 |   0.0
        D:7 |      83 |     215 |  72.1 |       2 |       1 |  33.3
    Ossuary |       0 |     485 | 100.0 |       0 |      38 | 100.0
     Bailey |       0 |     224 | 100.0 |       0 |      33 | 100.0
            +---------+---------+-------+---------+---------+-------
